 Dungeon Crawl Stone Soup version 0.23.2-1-ga50397a (webtiles) character file.

Game seed: 3220491913607599679

2231 dvd the Conjurer (level 9, -5/64 HPs)
             Began as a Human Conjurer on May 3, 2019.
             Was an Initiate of Vehumet.
             Slain by Joseph
             ... wielding a +2 quarterstaff of protection
              (19 damage)
             ... on level 7 of the Dungeon.
             The game lasted 00:19:33 (7597 turns).

dvd the Conjurer (Human Conjurer)                   Turns: 7597, Time: 00:19:34

Health: -5/64      AC:  4    Str: 11    XL:     9   Next: 62%
Magic:  6/25       EV: 15    Int: 16    God:    Vehumet [......]
Gold:   408        SH:  0    Dex: 14    Spells: 4/18 levels left

rFire    . . .     SeeInvis .   C - +1 hand axe (freeze)
rCold    . . .     Gourm    .   (no shield)
rNeg     . . .     Faith    .   a - +0 robe
rPois    .         Spirit   .   o - +0 helmet
rElec    .         Reflect  .   u - +0 cloak
rCorr    .         Harm     .   (no gloves)
MR       .....                  (no boots)
Stlth    +++.......             (no amulet)
HPRegen  0.20/turn              g - +3 ring of slaying
MPRegen  0.19/turn              e - ring of magical power

@: no status effects
A: no striking features
a: Renounce Religion


You were on level 7 of the Dungeon.
You worshipped Vehumet.
Vehumet was noncommittal.
You were not hungry.

You visited 2 branches of the dungeon, and saw 8 of its levels.

You collected 408 gold pieces.

Inventory:

Hand Weapons
 f - a +0 short sword
 x - a +0 whip of freezing
 C - a +1 hand axe of freezing (weapon)
 D - a +0 dagger of freezing
Armour
 a - a +0 robe (worn)
 o - a +0 helmet (worn)
 u - a +0 cloak (worn)
Jewellery
 e - a ring of magical power (right hand)
 g - a +3 ring of slaying (left hand)
 r - a +3 ring of strength
Wands
 v - a wand of acid (10)
 E - a wand of iceblast (8)
 H - a wand of disintegration (13)
Scrolls
 b - 11 scrolls of identify
 l - 5 scrolls of remove curse
 m - 2 scrolls of noise {unknown}
 s - 3 scrolls of random uselessness {unknown}
 w - a scroll of enchant weapon {unknown}
 y - 2 scrolls of fog {unknown}
 A - a scroll of enchant armour {unknown}
 B - 2 scrolls of teleportation {unknown}
 F - 2 scrolls of magic mapping {unknown}
 I - a scroll of vulnerability {unknown}
Potions
 d - 2 potions of magic {unknown}
 h - a potion of lignification
 i - 5 potions of heal wounds {unknown}
 j - a potion of resistance {unknown}
 k - 2 potions of degeneration {unknown}
 n - a potion of haste {unknown}
 p - 3 potions of agility {unknown}
 q - 3 potions of curing {unknown}
 t - 3 potions of berserk rage {unknown}
 z - a potion of brilliance {unknown}
Comestibles
 c - 10 rations
 G - a chunk of flesh


   Skills:
 + Level 3.5 Fighting
 + Level 2.1 Short Blades
 + Level 4.9 Axes
 + Level 5.5 Dodging
 + Level 4.4 Stealth
 + Level 5.1 Spellcasting
 + Level 6.7 Conjurations
 + Level 1.5 Hexes


You had 4 spell levels left.
You knew the following spells:

 Your Spells              Type           Power        Failure   Level  Hunger
a - Magic Dart            Conj           ####         1%          1    None
b - Searing Ray           Conj           ####..       1%          2    #......
c - Dazzling Spray        Conj/Hex       ###...       9%          3    ###....
d - Iskenderun's Mystic   Conj           ####....     10%         4    ####...
e - Force Lance           Conj/Tloc      ##......     36%         4    ####...

Your spell library contained the following spells:

 Spells                   Type           Power        Failure   Level  Hunger
 Fulminant Prism          Conj/Hex       ###.......   28%         4    ####...


Dungeon Overview and Level Annotations

Branches:
Dungeon (7/15)             Temple (1/1) D:5

Altars:
Ashenzari
Cheibriados
Dithmenos
Elyvilon
Fedhas
Gozag
Hepliaklqana
Kikubaaqudgha
Makhleb
Nemelex Xobeh
Okawaru
Qazlal
Ru
Trog
Uskayaw
Vehumet
Wu Jian
Xom
Yredelemnul
Zin
The Shining One

Annotations:
D:7 Joseph


Message History

The searing ray misses Joseph.
You finish channeling your searing ray.
Joseph hits you with a +2 quarterstaff of protection.
* * * LOW HITPOINT WARNING * * *
Unknown command.
Casting: Searing Ray (safe; 1% risk of failure)
Confirm with . or Enter, or press ? or * to list all spells.
Aiming: Searing Ray (safe; 1% risk of failure)
Press: ? - help, Shift-Dir - straight line, f/p - Joseph
Aim: Joseph, wielding a +2 quarterstaff of protection, wearing a +0 leather armour and carrying a wand of paralysis (7) (heavily wounded)
The searing ray hits Joseph but does no damage.
Joseph is heavily wounded. (Press . to maintain the ray.)
The searing ray hits Joseph.
Joseph is heavily wounded.
Joseph hits you with a +2 quarterstaff of protection.
* * * LOW HITPOINT WARNING * * *
The searing ray hits Joseph!
Joseph is severely wounded.
Joseph hits you with a +2 quarterstaff of protection!!
You die...

# # # # ... # #.# #
#.# .# #.# ##+###..##
#.# ##..@...... #.###
##..@###.# #.#.##
##....#⌠#.#
####....####....†###.#
...........'.........+
####....####.........#
#.#.## ##.......##
#.### ##.....## #.#
##...## #.# ##'##


You could see Joseph.

Vanquished Creatures
  Pikel (D:5)
  A hungry ghost (D:7)
  Menkaure (D:7)
  A water moccasin (D:7)
  An orc warrior (D:6)
  A hornet zombie (D:6)
  A black bear (D:6)
  An ogre (D:6)
  A bullfrog (D:7)
  A scorpion (D:5)
  3 howler monkeys (D:6)
  2 crimson imps
  4 hounds
  2 orc priests
  2 bullfrog skeletons
  An iguana (D:7)
  Jessica (D:2)
  Natasha (thrice) (D:3)
  3 orc wizards
  2 worker ants
  Robin (D:2)
  9 adders
  2 shadow imps
  2 oozes
  2 adder zombies (D:6)
  An adder skeleton (D:7)
  A worm (D:2)
  7 leopard geckos
  14 orcs
  4 ball pythons
  3 bats (D:3)
  4 giant cockroaches
  10 goblins
  8 hobgoblins
  5 jackals
  7 kobolds
  5 quokkas
  2 frilled lizards (D:1)
  A jackal zombie (D:5)
  2 leopard gecko skeletons
  A leopard gecko zombie (D:6)
  8 rats
132 creatures vanquished.

Vanquished Creatures (others)
  A slave (D:6)
  A bullfrog (D:6)
  A howler monkey (D:6)
  A crimson imp (D:6)
  A jelly (D:6)
  An orc priest (D:6)
  An orc (D:6)
  A giant cockroach (D:6)
8 creatures vanquished.

Grand Total: 140 creatures vanquished

Notes
Turn   | Place    | Note
-------+----------+-------------------------------------------
     0 | D:1      | dvd the Human Conjurer began the quest for the Orb.
     0 | D:1      | Reached XP level 1. HP: 13/13 MP: 3/3
   206 | D:1      | Reached XP level 2. HP: 19/19 MP: 1/5
   579 | D:1      | Learned a level 2 spell: Searing Ray
   660 | D:1      | Reached XP level 3. HP: 24/24 MP: 3/6
  1097 | D:2      | Noticed Robin
  1098 | D:2      | Reached XP level 4. HP: 11/31 MP: 1/7
  1461 | D:2      | Killed Robin
  1637 | D:2      | Noticed Jessica
  1644 | D:2      | Killed Jessica
  1644 | D:2      | Reached skill level 1 in Fighting
  1644 | D:2      | Reached skill level 1 in Short Blades
  1644 | D:2      | Reached skill level 5 in Conjurations
  1644 | D:2      | Reached XP level 5. HP: 37/37 MP: 2/9
  1710 | D:2      | Learned a level 3 spell: Dazzling Spray
  2594 | D:3      | Found a sparkling altar of Nemelex Xobeh.
  2815 | D:3      | Noticed Natasha
  2823 | D:3      | Killed Natasha
  2823 | D:3      | Reached XP level 6. HP: 43/43 MP: 5/10
  2983 | D:3      | Noticed Natasha
  2988 | D:3      | Killed Natasha
  3093 | D:3      | Noticed Natasha
  3098 | D:3      | Killed Natasha
  3319 | D:3      | Learned a level 4 spell: Iskenderun's Mystic Blast
  4247 | D:5      | Entered Level 5 of the Dungeon
  4259 | D:5      | Reached XP level 7. HP: 44/48 MP: 6/12
  4548 | D:4      | Reached skill level 1 in Axes
  4838 | D:5      | Found a staircase to the Ecumenical Temple.
  4850 | Temple   | Entered the Ecumenical Temple
  4872 | Temple   | Became a worshipper of Vehumet
  5586 | D:6      | Noticed Pikel
  5707 | D:6      | Reached XP level 8. HP: 44/56 MP: 14/14
  5815 | D:5      | Killed Pikel
  5815 | D:5      | Reached skill level 6 in Conjurations
  6049 | D:6      | Found a burning altar of Makhleb.
  6052 | D:6      | Noticed an Executioner
  6080 | D:6      | Reached XP level 9. HP: 54/63 MP: 14/15
  6154 | D:6      | Reached skill level 1 in Hexes
  6489 | D:6      | Learned a level 4 spell: Force Lance
  6754 | D:7      | Noticed Menkaure
  6761 | D:7      | Killed Menkaure
  6761 | D:7      | Reached skill level 5 in Dodging
  6830 | D:7      | Reached skill level 5 in Spellcasting
  6964 | D:7      | Noticed Joseph
  7597 | D:7      | Slain by Joseph

Skill      XL: |  1  2  3  4  5  6  7  8  9 |
---------------+----------------------------+-----
Fighting       | 1 2 3 |  3.5
Short Blades   | 1 2 |  2.1
Conjurations   | 5 6 |  6.7
Spellcasting   | 3 4 5 |  5.1
Stealth        | 3 4 |  4.4
Axes           | 2 4 |  4.9
Dodging        | 3 4 5 |  5.5
Hexes          | 1 |  1.5

Action                   |  1- 3 |  4- 6 |  7- 9 || total
-------------------------+-------+-------+-------++-------
Melee: Short sword       |    30 |    17 |       ||    47
       Hand axe          |       |    18 |    83 ||   101
 Cast: Magic Dart        |    48 |    41 |     5 ||    94
       Searing Ray       |     4 |    23 |    40 ||    67
       Dazzling Spray    |       |     1 |    12 ||    13
Evoke: Wand              |       |       |     1 ||     1
  Use: Scroll            |       |       |     2 ||     2
 Stab: Sleeping          |       |       |     1 ||     1
  Eat: Chunk             |     1 |    11 |    14 ||    26
Armor: Robe              |    12 |    17 |    35 ||    64
Dodge: Dodged            |    30 |    34 |   164 ||   228
